 Dungeon Crawl Stone Soup version 0.31-a0-214-gb37851dbb3 (webtiles) character file.

Game seed: 10737539335954650233

219 qw the Shooter (level 5, -2/45 HPs)
             Began as a Minotaur Hexslinger on July 1, 2023.
             Was an Initiate of Okawaru.
             Slain by a gnoll
             ... wielding a +0 club
              (7 damage)
             ... on level 4 of the Dungeon.
             The game lasted 00:00:59 (2705 turns).

qw the Shooter (Minotaur Hexslinger)                Turns: 2705, Time: 00:00:59

Health: -2/45      AC: 11    Str: 12    XL:     5   Next: 64%
Magic:  5/5        EV: 11    Int: 10    God:    Okawaru [......]
Gold:   92         SH:  0    Dex: 15    Spells: 5/6 levels left

rFire   . . .        Y - +1 sling
rCold   . . .        (no shield)
rNeg    . . .        k - +0 ring mail
rPois   +            g - +1 hat
rElec   .            (no cloak)
rCorr   .            m - +0 pair of gloves
SInv    .            (no boots)
Will    .....        (no amulet)
Stlth   +            o - +4 ring of protection
HPRegen 0.27/turn    b - ring of poison resistance
MPRegen 0.09/turn

%: no passive effects
@: about to teleport
A: horns 2, retaliatory headbutt
a: Renounce Religion


You were on level 4 of the Dungeon.
You worshipped Okawaru.
Okawaru was noncommittal.
You visited 1 branch of the dungeon, and saw 4 of its levels.

You collected 92 gold pieces.


Innate Abilities, Weirdness & Mutations

You have a pair of horns on your head.
You reflexively headbutt those who attack you in melee.


   Skills:
 - Level 3.1 Fighting
 + Level 5.8 Ranged Weapons
 - Level 1.0 Armour
 - Level 2.1 Dodging
 - Level 1.0 Spellcasting
 - Level 2.0 Hexes


You had 5 spell levels left.
You knew the following spells:

 Your Spells              Type           Power      Damage    Failure   Level
a - Slow                  Hex            16%        N/A       34%         1

Your spell library contained the following spells:

 Spells                   Type           Power      Damage    Failure   Level
 Inner Flame              Hex/Fire       2%         N/A       83%         3
 Portal Projectile        Hex/Tloc       4%         N/A       83%         3
 Cause Fear               Hex            2%         N/A       98%         4

Inventory:

Hand Weapons
 Y - a +1 sling (weapon)
Armour
 g - a +1 hat (worn)
 k - a +0 ring mail (worn)
 m - a +0 pair of gloves (worn)
Jewellery
 b - a ring of poison resistance (right hand)
 h - a ring of fire
 o - a +4 ring of protection (left hand)
 p - a ring of positive energy
Scrolls
 j - a scroll of identify
Potions
 c - a potion of heal wounds
 d - 2 potions of curing
 e - a potion of might {unknown}
 f - a potion of attraction {unknown}
 l - a potion of lignification {unknown}
 n - a potion of haste {unknown}

Dungeon Overview and Level Annotations

Branches:
Dungeon (4/15)             Temple (0/1) D:4

Altars:
Okawaru

Shops:
D:1 [((=:


Message History

The gnoll barely misses you. x2; The gnoll misses you.
The gnoll hits you from afar with a +0 spear.
You shoot a sling bullet. The sling bullet hits the scorpion.
The scorpion is severely wounded.
The scorpion stings you but does no damage.
The scorpion barely misses you. The gnoll hits you with a +0 flail.
The gnoll hits you but does no damage. x2
The gnoll hits you from afar with a +0 halberd!
You shoot a sling bullet.
The sling bullet closely misses the scorpion.
The scorpion stings you but does no damage.
The gnoll hits you with a +0 club. The gnoll misses you.
The gnoll barely misses you. The gnoll misses you.
The scorpion barely misses you. You furiously retaliate!
You headbutt the scorpion, but do no damage.
You shoot a sling bullet.
The sling bullet hits the scorpion but does no damage.
The scorpion is severely wounded.
The gnoll hits you but does no damage. The gnoll barely misses you.
You furiously retaliate!
You headbutt the gnoll, but do no damage.
The gnoll hits you from afar with a +0 spear.
The gnoll hits you from afar with a +0 halberd.
The scorpion stings you but does no damage.
You shoot a sling bullet.
The sling bullet barely misses the scorpion.
The gnoll hits you but does no damage. The gnoll barely misses you.
The gnoll hits you from afar with a +0 spear.
The gnoll closely misses you. The scorpion barely misses you.
You furiously retaliate!
You headbutt the scorpion!
You kill the scorpion!
Okawaru accepts your kill. The gnoll hits you but does no damage.
The gnoll hits you with a +0 flail.
The gnoll hits you from afar with a +0 halberd.
The gnoll hits you but does no damage.
2705 ||| READING scroll of teleportation.
As you read the scroll of teleportation, it crumbles to dust.
You feel strangely unstable. The gnoll hits you with a +0 club!
You die...

#.... .# ....
.#.##.#
...###.#.P..P
....#.#...P.
#........>P.
#......P.P..
#<...g....PP
#..@.g.#..g.
#..gg.......
#...........
####........
#.#####.. ...
. ... ....
.....


You could see 4 gnolls.

Vanquished Creatures
  A scorpion (D:4)
  Jessica (D:3)
  6 adders
  2 worms
  3 dart slugs
  4 orcs (D:3)
  3 ball pythons
  5 bats
  5 endoplasms
  2 giant cockroaches
  3 goblins
  6 hobgoblins
  3 jackals (D:3)
  3 kobolds
  7 quokkas
  2 frilled lizards
  6 rats
62 creatures vanquished.

Notes
Turn   | Place    | Note
-------+----------+-------------------------------------------
     0 | D:1      | qw the Minotaur Hexslinger began the quest for the Orb.
     0 | D:1      | Reached XP level 1. HP: 16/16 MP: 1/1
     0 | D:1      | 0 ||| qw: Version: 0.3-a-32-g5962c71
     0 | D:1      | 0 ||| qw: Game counter: 7592
     0 | D:1      | 0 ||| qw: Melee chars always use a shield: true
     0 | D:1      | 0 ||| qw: God list: Okawaru
     0 | D:1      | 0 ||| qw: Allow faded altars: false
     0 | D:1      | 0 ||| qw: Do Orc after clearing Dungeon:15 true
     0 | D:1      | 0 ||| qw: Do second Lair branch before Depths: true
     0 | D:1      | 0 ||| qw: Lair rune preference: random
     0 | D:1      | 0 ||| qw: Goals: Normal
     0 | D:1      | 0 ||| PLANNING D:1-11
    36 | D:1      | HP: 4/16 [constriction (1)]
   125 | D:1      | Found Irhyl's Book Shoppe.
   156 | D:1      | Found Zeodel's Jewellery Shop.
   163 | D:1      | 163 ||| SHOPLISTING +4 ring of protection (396 gold, have
                  | 15).
   163 | D:1      | 163 ||| SHOPLISTING +6 ring of dexterity (396 gold, have
                  | 15).
   163 | D:1      | 163 ||| SHOPLISTING +6 ring of strength (396 gold, have
                  | 15).
   163 | D:1      | 163 ||| SHOPLISTING ring "Wewab" {Wiz Int+2 Slay+3} (591
                  | gold, have 15).
   163 | D:1      | 163 ||| SHOPLISTING ring of poison resistance (220 gold,
                  | have 15).
   163 | D:1      | 163 ||| SHOPLISTING ring of resist corrosion (220 gold,
                  | have 15).
   163 | D:1      | 163 ||| SHOPLISTING ring of see invisible (165 gold, have
                  | 15).
   167 | D:1      | Found Jurup's Antique Weapon Shoppe.
   171 | D:1      | 171 ||| FLEEEEING.
   172 | D:1      | 172 ||| FLEEEEING.
   188 | D:1      | Reached skill level 3 in Ranged Weapons
   188 | D:1      | Reached XP level 2. HP: 23/23 MP: 2/2
   411 | D:1      | Found Dyucy's Weapon Shoppe.
   637 | D:1      | Reached XP level 3. HP: 29/29 MP: 3/3
   772 | D:1      | Found Galebboe's Antique Armour Emporium.
   781 | D:1      | 781 ||| SHOPLISTING dull robe (171 gold, have 20).
   781 | D:1      | 781 ||| SHOPLISTING embroidered robe (111 gold, have 20).
   781 | D:1      | 781 ||| SHOPLISTING leather armour (60 gold, have 20).
   781 | D:1      | 781 ||| SHOPLISTING pair of boots (135 gold, have 20).
   944 | D:1      | 944 ||| UPGRADING to +1 hat.
   949 | D:1      | 949 ||| DROPPING scroll of poison.
   988 | D:2      | HP: 7/29 [poisoned by an adder]
  1118 | D:2      | Reached skill level 4 in Ranged Weapons
  1522 | D:2      | Reached XP level 4. HP: 34/36 MP: 4/4
  1822 | D:2      | 1822 ||| UPGRADING to +0 ring mail.
  1832 | D:2      | 1832 ||| DROPPING +0 robe.
  1833 | D:2      | 1833 ||| READING scroll labelled RUOPAO DAICO KOG.
  1834 | D:2      | 1834 ||| READING 2 scrolls labelled GOEMMURCHUT.
  1839 | D:2      | 1839 ||| READING scroll labelled KEYPTE YNTY.
  1840 | D:2      | 1840 ||| DRINKING 2 black potions.
  1901 | D:3      | Found an iron altar of Okawaru.
  1902 | D:3      | 1902 ||| PLANNING OKAWARU WORSHIP
  1981 | D:3      | 1981 ||| UPGRADING to ring of positive energy.
  1982 | D:3      | 1982 ||| UPGRADING to ring of poison resistance.
  1991 | D:3      | Became a worshipper of Warmaster Okawaru
  1992 | D:3      | 1992 ||| PLANNING D:1-11
  2022 | D:3      | Reached skill level 1 in Armour
  2275 | D:3      | Reached skill level 5 in Ranged Weapons
  2276 | D:3      | Noticed Jessica
  2278 | D:3      | Killed Jessica
  2279 | D:3      | Reached XP level 5. HP: 44/44 MP: 5/5
  2321 | D:3      | Reached skill level 3 in Fighting
  2656 | D:3      | 2656 ||| UPGRADING to +0 pair of gloves.
  2661 | D:3      | 2661 ||| UPGRADING to +4 ring of protection.
  2663 | D:3      | 2663 ||| READING scroll labelled REKEMN KIUGU.
  2664 | D:3      | 2664 ||| READING 2 scrolls of identify.
  2664 | D:3      | 2664 ||| IDENTIFYING bubbling blue potion
  2692 | D:4      | Found a staircase to the Ecumenical Temple.
  2693 | D:4      | 2693 ||| Stepping ~*~*~tactically~*~*~ (outnumbered).
  2704 | D:4      | HP: 9/45 [gnoll/+0 spear (3)]
  2705 | D:4      | 2705 ||| READING scroll of teleportation.
  2705 | D:4      | Slain by a gnoll

Levels and vault maps discovered:
D:1:      heliophobic_arrival_glass_houses, layout_basic, serial_shops,
          nicolae_shop_bloodbath_and_beyond, shop, shop, shop,
          nicolae_shop_peninsula
D:2:      layout_loops_ring
D:3:      layout_loops_ring, okawaru_gym_becter, grunt_ministairs_9,
          nicolae_titane, uniq_jessica
D:4:      nicolae_cairo_tiling_very_big, layout_basic, minitemple,
          minmay_temple_entry_overgrown

Skill      XL: |  1  2  3  4  5 |
---------------+----------------+-----
Ranged Weapons | 3 4 5 |  5.8
Fighting       | 2 3 |  3.1
Armour         | 1 |  1.0
Dodging        | |  2.1
Spellcasting   | |  1.0
Hexes          | |  2.0

Action                     |  1- 3 |  4- 6 || total
---------------------------+-------+-------++-------
   Fire: Sling             |   124 |   104 ||   228
    Use: Scroll            |       |     6 ||     6
         Potion            |       |     1 ||     1
 Armour: Robe              |    15 |     5 ||    20
         Ring mail         |       |    35 ||    35
  Dodge: Dodged            |    44 |    57 ||   101

Table legend:
 A = Non-vault XP
 B = Vault XP
 C = Vault XP percentage of total XP
 D = Non-vault monster count
 E = Vault monster count
 F = Vault count percentage of total count
                 A         B        C        D         E       F
            +---------+---------+-------+---------+---------+-------
      Total |     273 |      41 |  13.1 |      59 |       3 |   4.8
            +---------+---------+-------+---------+---------+-------
        D:1 |      48 |       0 |   0.0 |      25 |       0 |   0.0
        D:2 |      56 |       0 |   0.0 |      11 |       0 |   0.0
        D:3 |      82 |      41 |  33.3 |      22 |       3 |  12.0
        D:4 |      87 |       0 |   0.0 |       1 |       0 |   0.0
            +---------+---------+-------+---------+---------+-------
